 Dungeon Crawl Stone Soup version 0.28-a0-1382-g92835e5c71 (webtiles) character file.

Game seed: 11849234761947147077

93 Sabo the Digger (level 4, -4/24 HPs)
             Began as a Gargoyle Earth Elementalist on Jan 1, 2022.
             Was a Follower of Wu Jian.
             Killed by divine providence
             ... invoked by an orc priest
              (12 damage)
             ... on level 3 of the Dungeon.
             The game lasted 00:21:38 (3355 turns).

Sabo the Digger (Gargoyle Earth Elementalist)       Turns: 3355, Time: 00:21:38

Health: -4/24      AC:  6    Str: 12    XL:     4   Next: 61%
Magic:  6/8        EV: 12    Int: 17    God:    Wu Jian [*.....]
Gold:   106        SH:  0    Dex: 10    Spells: 7/8 levels left

rFire   . . .      SeeInvis +   a - staff of earth
rCold   . . .      Faith    .   (no shield)
rNeg    + . .      Spirit   .   b - +0 robe
rPois   ∞          Reflect  .   e - +0 hat
rElec   +          Harm     .   (no cloak)
rCorr   .          Rampage  .   (no gloves)
Will    .....                   p - +0 pair of boots
Stlth   ++........              (no amulet)
HPRegen 0.08/turn               i - ring of see invisible
MPRegen 0.11/turn               (no ring)

@: no status effects
A: sickness immunity, AC +3, negative energy resistance 1, electricity
resistance, torment resistance 1, petrification resistance
a: Renounce Religion


You were on level 3 of the Dungeon.
You worshipped Wu Jian.
Wu Jian was aware of your devotion.
You visited 1 branch of the dungeon, and saw 3 of its levels.

You collected 106 gold pieces.

Inventory:

Hand Weapons
 o - a +0 long sword
Missiles
 c - 17 stones
 f - 19 poisoned darts (quivered)
 h - 28 arrows
Armour
 b - a +0 robe (worn)
 e - a +0 hat (worn)
 p - a +0 pair of boots (worn)
Magical Staves
 a - a staff of earth (weapon)
Jewellery
 i - a ring of see invisible (left hand)
Scrolls
 m - a scroll of blinking
 r - a scroll of teleportation {unknown}
 s - 2 scrolls of enchant weapon
Potions
 d - a potion of mutation {unknown}
 g - a potion of haste {unknown}
 j - a potion of magic
 l - a potion of flight {unknown}
 n - a potion of attraction
 q - a potion of cancellation {unknown}


   Skills:
 + Level 0.5 Fighting
 + Level 0.2(0.3) Short Blades
 + Level 0.3(0.4) Long Blades
 + Level 1.0 Throwing
 + Level 2.1 Dodging
 + Level 2.4 Stealth
 + Level 2.8 Spellcasting
 + Level 0.7 Transmutations
 + Level 4.5 Earth Magic


You had 7 spell levels left.
You knew the following spells:

 Your Spells              Type           Power      Damage    Failure   Level
a - Sandblast             Erth           54%        2d13      2%          1

Your spell library contained the following spells:

 Spells                   Type           Power      Damage    Failure   Level
 Passwall                 Tmut/Erth      14%        N/A       9%          2
 Stone Arrow              Conj/Erth      30%        3d8       21%         3
 Tukima's Dance           Hex            2%         N/A       47%         3
 Petrify                  Tmut/Erth      17%        N/A       52%         4
 Passage of Golubria      Tloc           2%         N/A       87%         4
 Yara's Violent Unravell  Hex/Tmut       1%         3d3       99%         5


Dungeon Overview and Level Annotations

Branches:
Dungeon (3/15)

Altars:
Wu Jian


Innate Abilities, Weirdness & Mutations

You are immune to sickness and miasma.
Your stone body is resilient. (AC +3)
You are immune to poison.
You resist negative energy. (rN+)
You are resistant to electric shocks. (rElec)
You are resistant to unholy torment.
You are immune to petrification.


Message History

You hit the orc.
The orc is moderately wounded.
The orc misses you. x2
You closely miss the orc.
The orc is moderately wounded.
The orc priest shouts!
The orc priest mumbles some strange prayers to Beogh against you.
Beogh smites you! The orc hits you with a +0 dagger.
You hit the orc but do no damage.
The orc is moderately wounded.
A kobold comes into view.
The orc hits you but does no damage.
A kobold comes into view.
The kobold shouts!
You hit the orc but do no damage.
The orc is moderately wounded.
The orc hits you but does no damage.
Your magical contamination has completely faded away.
You barely miss the orc.
The orc is moderately wounded.
The orc hits you but does no damage.
An orc comes into view. It is wielding a +0 dagger.
You barely miss the orc.
The orc is moderately wounded.
The orc hits you but does no damage.
A kobold comes into view.
The orc hits you with a +0 dagger.
Casting: Sandblast (safe; 2% risk of failure)
Confirm with . or Enter, or press ? or * to list all spells.
Aiming: Sandblast (safe; 2% risk of failure)
Press: ? - help, Shift-Dir - straight line, f/p - orc
Aim: an orc, wielding a +0 dagger (moderately wounded, 81% to hit)
You feel a surge of power!
The blast of sand hits the orc!
You kill the orc!
The Council accepts your kill.
c - 17 stones The orc priest calls down the wrath of Beogh upon you.
Beogh smites you!
Ouch! That really hurt!
You die... ... .Ko .KK

#o# #K# #.# # #o#
.# #@# #.# #.###..
## ###.##.# #.#.
#....# #
#.######.###.#
#.#####...........#
#.......###########
####.#### #.#


You could see an orc priest, 2 orcs and 4 kobolds.

Vanquished Creatures
  Terence (D:2)
  2 adders
  An orc (D:3)
  4 bats
  5 endoplasms
  5 goblins
  2 hobgoblins (D:1)
  3 jackals (D:1)
  4 quokkas
  9 ball pythons
  5 frilled lizards
  4 kobolds
  3 rats
48 creatures vanquished.

Notes
Turn   | Place    | Note
-------+----------+-------------------------------------------
     0 | D:1      | Sabo the Gargoyle Earth Elementalist began the quest for
                  | the Orb.
     0 | D:1      | Reached XP level 1. HP: 10/10 MP: 3/3
   264 | D:1      | Reached XP level 2. HP: 15/15 MP: 3/5
   404 | D:1      | Reached skill level 4 in Earth Magic
   927 | D:1      | Found a faded altar of an unknown god.
   996 | D:1      | Reached XP level 3. HP: 18/19 MP: 1/6
  1172 | D:1      | Prayed at the altar of an unknown god.
  1172 | D:1      | Became a worshipper of the Wu Jian Council
  1172 | D:1      | Reached * piety under Wu Jian
  2652 | D:2      | Noticed Terence
  2659 | D:2      | Killed Terence
  2660 | D:2      | Reached XP level 4. HP: 19/24 MP: 5/8
  3149 | D:2      | Identified a scroll of acquirement
  3152 | D:2      | Acquired a staff of earth
  3298 | D:3      | Reached skill level 1 in Throwing
  3355 | D:3      | Killed from afar by an orc priest

Illustrated notes

Levels and vault maps discovered:
D:1:      roderic_crossed_star, layout_basic, nicolae_ecumenical_snake_handling
D:2:      layout_basic, glass_columns_a, uniq_terence
D:3:      minmay_goblin_kobold_castle, layout_loops_ring

Skill      XL: |  1  2  3  4 |
---------------+-------------+-----
Earth Magic    | 4 |  4.5
Dodging        | 2 |  2.1
Throwing       | 1 |  1.0
Fighting       | |  0.5
Short Blades   | |  0.2
Long Blades    | |  0.3
Stealth        | |  2.4
Spellcasting   | |  2.8
Transmutations | |  0.7

Action                   |  1- 3 |  4- 6 || total
-------------------------+-------+-------++-------
Melee: Short sword       |    24 |       ||    24
       Long sword        |    43 |     8 ||    51
       Staff             |       |     7 ||     7
Throw: Dart              |    29 |     1 ||    30
 Cast: Sandblast         |    35 |     3 ||    38
Invok: Lunge             |     1 |       ||     1
       Whirlwind         |     1 |       ||     1
  Use: Scroll            |     1 |     4 ||     5
       Potion            |     1 |     1 ||     2
Armor: Robe              |    32 |     8 ||    40
Dodge: Dodged            |    69 |     8 ||    77

Table legend: (Time is in decaauts)
 A = Elapsed time spent in this place.
 B = Non-inter-level travel time spent in this place.
 C = Inter-level travel time spent in this place.
 D = Time resting spent in this place.
 E = Time spent auto-exploring this place.
 F = Levels seen in this place.
 G = Mean time per level.
                   A        B        C        D        E       F      G
               +--------+--------+--------+--------+--------+-----+--------+
         Total |   3375 |   3375 |      0 |   1007 |      0 |   3 | 1125.0 |
       Dungeon |   3375 |   3375 |      0 |   1007 |      0 |   3 | 1125.0 |
               +--------+--------+--------+--------+--------+-----+--------+

Top non-repeatable levels by time:
     D:1: 1696 daAuts
     D:2: 1612 daAuts
     D:3: 66 daAuts
